 Dungeon Crawl Stone Soup version 0.28-a0-2-g643f2454ad (webtiles) character file.

Game seed: 535981555014173207

17873 Sin92 the Carver (level 12, -3/94 HPs)
             Began as a Demonspawn Fighter on July 22, 2021.
             Was a High Priest of Okawaru.
             Slain by a lindwurm (7 damage)
             ... summoned by Kirke
             ... on level 12 of the Dungeon.
             The game lasted 00:18:03 (11814 turns).

Sin92 the Carver (Demonspawn Fighter)              Turns: 11814, Time: 00:18:03

Health: -3/94      AC:  0    Str: 17    XL:     12   Next: 22%
Magic:  15/15      EV: 18    Int:  9    God:    Okawaru [*****.]
Gold:   199        SH:  0    Dex: 16    Spells: 11/11 levels left

rFire   + + .      SeeInvis .   (weapon currently unavailable)
rCold   . . .      Faith    .   (shield currently unavailable)
rNeg    . . .      Spirit   .   (armour currently unavailable)
rPois   .          Reflect  .   (helmet currently unavailable)
rElec   .          Harm     .   (cloak currently unavailable)
rCorr   .          Rampage  +   (gloves currently unavailable)
Will    .....                   (boots currently unavailable)
Stlth   +.........              m - amulet "Linguaza" {Rampage Drain rF++ Regen+}
HPRegen 1.25/turn               (ring currently unavailable)
MPRegen 0.14/turn               (ring currently unavailable)

@: pig-form, very quick
A: fast, no casting, small, (claws 2), (icy blue scales 2), ignite blood 2,
(spiny 2), clumsy 1, mutation resistance 1, (poison resistance), screaming 1
a: Renounce Religion, Heroism, Finesse


You were on level 12 of the Dungeon.
You worshipped Okawaru.
Okawaru was extremely pleased with you.
You were a filthy swine.
You visited 2 branches of the dungeon, and saw 13 of its levels.
You also visited: Ossuary.

You collected 1018 gold pieces.
You spent 819 gold pieces at shops.

Inventory:

Hand Weapons
 a - a +2 long sword
 D - a +4 scimitar of flaming (melded)
Missiles
 p - 5 throwing nets
 C - 4 atropa-tipped darts (quivered)
Armour
 b - a +0 scale mail
 c - a +0 kite shield (melded)
 e - a +2 chain mail (melded)
 l - a +0 pair of boots (melded)
 r - a +0 helmet
 v - a +0 pair of gloves (melded)
 y - a +2 helmet (melded)
 K - a +2 cloak (melded)
Jewellery
 f - an amulet of faith
 j - a +6 ring of strength (melded)
 m - the amulet "Linguaza" (around neck) {Rampage Drain rF++ Regen+}
   (You found it on level 6 of the Dungeon)

   [amulet of regeneration]

   rF:        It greatly protects you from fire.
   Regen:     It increases your rate of health regeneration.
   Drain:     It drains your maximum health when unequipped.
   Rampage:   It bestows one free step when moving towards enemies.
 G - a +6 ring of intelligence
Wands
 i - a wand of paralysis (21)
 s - a wand of acid (17)
 u - a wand of flame (23)
 E - a wand of iceblast (21)
 M - a wand of digging (5)
Scrolls
 n - a scroll of vulnerability
 t - a scroll of amnesia
 A - a scroll of teleportation
 F - 2 scrolls of immolation
 H - a scroll of fear
 I - a scroll of noise
 J - 2 scrolls of magic mapping
 L - a scroll of fog
Potions
 d - 4 potions of heal wounds
 g - a potion of degeneration
 h - a potion of brilliance
 k - 4 potions of mutation
 o - 12 potions of ambrosia
 q - a potion of curing
 w - 2 potions of haste
 x - 2 potions of might
 z - a potion of lignification
 B - 2 potions of invisibility


   Skills:
 + Level 8.7 Fighting
 * Level 10.7 Long Blades
 + Level 8.1 Armour
 + Level 7.4 Dodging
 + Level 8.0 Shields
 + Level 4.9 Invocations


You had 11 spell levels left.
You didn't know any spells.
Your spell library contained the following spells:

 Spells                   Type           Power      Damage    Failure   Level
 Animate Skeleton         Necr           0%         N/A       38%         1
 Apportation              Tloc           0%         N/A       38%         1
 Corona                   Hex            0%         N/A       38%         1
 Magic Dart               Conj           0%         1d3       38%         1
 Summon Small Mammal      Summ           0%         N/A       38%         1
 Call Imp                 Summ           0%         N/A       52%         2
 Sublimation of Blood     Necr           0%         N/A       52%         2
 Gell's Gravitas          Tloc           0%         N/A       77%         3
 Lesser Beckoning         Tloc           0%         N/A       77%         3
 Mephitic Cloud           Conj/Pois/Air  0%         N/A       77%         3
 Teleport Other           Tloc           0%         N/A       77%         3
 Petrify                  Tmut/Erth      0%         N/A       99%         4
 Irradiate                Conj/Tmut      0%         3d13      100%        5
 Dispersal                Tloc           0%         N/A       100%        6


Dungeon Overview and Level Annotations

Branches:
Dungeon (12/15)            Temple (1/1) D:7            Lair (0/6) D:10
Ossuary (visited)
    Orc: D:9-12

Altars:
Ashenzari
Cheibriados
Dithmenos
Elyvilon
Fedhas
Kikubaaqudgha
Makhleb
Nemelex Xobeh
Okawaru
Qazlal
Ru
Sif Muna
Trog
Vehumet
Xom
Yredelemnul
Zin
The Shining One

Shops:
D:1 =   D:4 :

Annotations:
D:4 2 runed translucent doors, Nausicaa's ghost, amateur TrMo
D:12 Kirke


Innate Abilities, Weirdness & Mutations

You are a filthy swine.
You move quickly.
Your equipment is almost entirely melded.
You are incapable of wielding weapons or throwing items.
You cannot cast spells.
((You have very sharp fingernails.))
((You are mostly covered in icy blue scales. (AC +3)))
Your demonic aura often causes spilled blood to erupt in flames.
((You are mostly covered in sharp spines.))
You are clumsy. (Dex -2)
You are somewhat resistant to further mutation.
((Your system is resistant to poisons. (rPois)))
You occasionally shout uncontrollably at your foes.


Message History

Your +0 pair of boots melds into your body.
Your +0 kite shield melds into your body.
Your +2 chain mail melds into your body.
Your +6 ring of strength melds into your body.
Your +4 scimitar of flaming stops flaming.
You feel weaker.
Your Shields skill increases to level 8!
You rampage towards the lindwurm!
You hit the lindwurm but do no damage.
You hear some strange, mumbled words.
Something summons a lindwurm!
The lindwurm bites you! The lindwurm misses you.
The lindwurm completely misses you.
Unknown command.
You barely miss the lindwurm. Something barely misses you.
You hit the lindwurm but do no damage. The lindwurm misses you. x3
The lindwurm breathes flames at you.
The blast of flame hits something!!!
The blast of flame hits you! You resist.
Unknown command.
You hit the lindwurm.
The lindwurm is lightly wounded.
Something hits you! The lindwurm bites you! The lindwurm barely misses you.
The lindwurm claws you.
You closely miss the lindwurm.
The lindwurm is lightly wounded.
You hear some strange, mumbled words.
You feel a momentary urge to oink. The lindwurm misses you.
The lindwurm claws you. The lindwurm closely misses you.
Unknown command.
You hit the lindwurm but do no damage.
The lindwurm is lightly wounded.
Something hits you! The lindwurm bites you. The lindwurm claws you.
* * * LOW HITPOINT WARNING * * *
The lindwurm claws you.
* * * LOW HITPOINT WARNING * * *
You see here a hog corpse.
Unknown command.
The lindwurm is engulfed in blazing flames.
The lindwurm bites you!!
* * * LOW HITPOINT WARNING * * *
The lindwurm claws you!
You die...

.# .# #.. .# #..###### .#
#..#....# .# ###..#.#..# .#
....#....# .+ #..#....# .#
#.##..#§##.# ## #.....h°†..+ .
# #.....#kk..# .[ #
#.....#.>#.# ...
###########+###+#....#+####....
........................h....h.
..##..#...###..#..#...#..#h.##.
...............................
###############################


You could see 2 lindwurms.

Vanquished Creatures
  A boulder beetle (D:11)
  2 hydras
  Harold (D:7)
  A centaur warrior (D:12)
  Erica (D:9)
  2 two-headed ogres
  Pikel (D:7)
  A cyclops (D:8)
  Maurice (D:10)
  Joseph (D:7)
  2 gargoyles (D:12)
  A komodo dragon (D:12)
  Maggie (D:6)
  2 trolls
  A queen bee (D:9)
  3 shadows
  A vampire (D:9)
  Eustachio (D:6)
  9 yaks
  4 wyverns
  A basilisk (D:10)
  6 hogs (D:12)
  Menkaure (D:7)
  Edmund (D:5)
  2 acid dragons
  3 water moccasins
  A sky beast (D:7)
  2 ice beasts (D:7)
  A black bear (D:7)
  3 orc warriors
  3 ogres
  6 centaurs
  2 lemures (D:7)
  A phantom (D:5)
  Blork the orc (D:4)
  A gnoll sergeant (D:12)
  4 bullfrogs (D:8)
  2 scorpions
  A water moccasin skeleton (D:5)
  31 killer bees
  A howler monkey (D:4)
  2 bullfrog zombies
  A human zombie (Ossuary)
  5 centaur zombies
  2 jellies
  3 centaur skeletons
  3 orc priests
  2 hounds
  6 iguanas
  11 orc wizards
  2 mummies (Ossuary)
  A hound skeleton (D:5)
  A howler monkey zombie (D:5)
  Robin (D:2)
  16 gnolls
  2 howler monkey skeletons
  5 adders
  A white imp (D:5)
  A dart slug (D:1)
  30 orcs
  10 ball pythons
  4 endoplasms
  4 giant cockroaches
  2 gnoll zombies (Ossuary)
  15 goblins
  7 hobgoblins
  2 jackals (D:3)
  3 quokkas
  5 bats
  2 frilled lizards (D:3)
  2 goblin zombies (Ossuary)
  5 hobgoblin zombies (Ossuary)
  A jackal zombie (D:4)
  3 kobolds
  2 orc zombies (Ossuary)
  A rat (D:2)
274 creatures vanquished.

Vanquished Creatures (others)
  4 fungi (D:10)
  19 plants
23 creatures vanquished.

Grand Total: 297 creatures vanquished

Notes
Turn   | Place    | Note
-------+----------+-------------------------------------------
     0 | D:1      | Sin92 the Demonspawn Fighter began the quest for the Orb.
     0 | D:1      | Reached XP level 1. HP: 18/18 MP: 1/1
   112 | D:1      | Found Paxoedol's Jewellery Shoppe.
   365 | D:1      | Reached skill level 2 in Long Blades
   365 | D:1      | Gained mutation: You are partially covered in sharp spines.
                  | [demonic ancestry]
   365 | D:1      | Reached XP level 2. HP: 24/24 MP: 2/2
   917 | D:2      | Found a faded altar of an unknown god.
   981 | D:2      | Reached XP level 3. HP: 27/29 MP: 3/3
  1109 | D:2      | Found a sparkling altar of Nemelex Xobeh.
  1339 | D:2      | Noticed Robin
  1347 | D:2      | Killed Robin
  1348 | D:2      | Reached skill level 1 in Dodging
  1647 | D:3      | Found a radiant altar of Vehumet.
  1684 | D:3      | Gained mutation: You have sharp fingernails. [demonic
                  | ancestry]
  1684 | D:3      | Reached XP level 4. HP: 26/35 MP: 4/4
  2180 | D:3      | Reached skill level 3 in Long Blades
  2180 | D:3      | Reached XP level 5. HP: 41/41 MP: 5/5
  2824 | D:3      | Noticed a centaur
  2829 | D:3      | Killed a centaur
  2830 | D:3      | Gained mutation: Your demonic aura sometimes causes spilled
                  | blood to erupt in flames. [demonic ancestry]
  2830 | D:3      | Reached XP level 6. HP: 35/48 MP: 6/6
  3433 | D:4      | Found a runed translucent door.
  3445 | D:4      | Noticed Nausicaa's ghost (amateur TrMo)
  3488 | D:4      | Noticed Blork the orc
  3492 | D:4      | Found Cusmaj's Book Shop.
  3494 | D:4      | Killed Blork the orc
  3495 | D:4      | Reached skill level 4 in Long Blades
  3540 | D:4      | Found a sand-covered staircase.
  3555 | Ossuary  | Entered an ossuary
  3581 | Ossuary  | Gained mutation: You occasionally shout uncontrollably at
                  | your foes. [potion of mutation]
  3581 | Ossuary  | Gained mutation: You are clumsy. (Dex -2) [potion of
                  | mutation]
  3581 | Ossuary  | Gained mutation: Your system is resistant to poisons.
                  | (rPois) [potion of mutation]
  3581 | Ossuary  | Gained mutation: You are somewhat resistant to further
                  | mutation. [potion of mutation]
  3606 | Ossuary  | Gained mutation: You have very sharp fingernails. [demonic
                  | ancestry]
  3606 | Ossuary  | Reached XP level 7. HP: 13/54 MP: 7/7
  4411 | D:4      | Found a runed translucent door.
  4632 | D:5      | Entered Level 5 of the Dungeon
  4922 | D:5      | Noticed Edmund
  4927 | D:5      | Killed Edmund
  5088 | D:5      | Reached skill level 5 in Long Blades
  5331 | D:5      | Gained mutation: You are mostly covered in sharp spines.
                  | [demonic ancestry]
  5331 | D:5      | Reached XP level 8. HP: 61/61 MP: 8/8
  5751 | D:6      | Reached skill level 5 in Fighting
  5831 | D:6      | Found a shadowy altar of Dithmenos.
  6140 | D:6      | Noticed Maggie
  6146 | D:6      | Reached skill level 6 in Long Blades
  6146 | D:6      | Noticed Eustachio
  6153 | D:6      | Killed Maggie
  6154 | D:6      | Reached skill level 5 in Armour
  6154 | D:6      | Reached skill level 5 in Shields
  6335 | D:6      | Killed Eustachio
  6336 | D:6      | Gained mutation: You are partially covered in icy blue
                  | scales. (AC +2) [demonic ancestry]
  6336 | D:6      | Reached XP level 9. HP: 13/68 MP: 9/9
  6349 | D:6      | Identified the amulet "Linguaza" {Rampage Drain rF++
                  | Regen+}
  6948 | D:7      | Noticed Pikel
  6959 | D:7      | Killed Pikel
  6960 | D:7      | Reached skill level 7 in Long Blades
  7076 | D:7      | Noticed Joseph
  7083 | D:7      | Killed Joseph
  7127 | D:7      | Found a broken altar of Ashenzari.
  7351 | D:7      | Noticed Harold
  7363 | D:7      | Killed Harold
  7364 | D:7      | Reached skill level 5 in Dodging
  7364 | D:7      | Gained mutation: You are mostly covered in icy blue scales.
                  | (AC +3) [demonic ancestry]
  7364 | D:7      | Reached XP level 10. HP: 39/77 MP: 10/10
  7407 | D:7      | Found a staircase to the Ecumenical Temple.
  7539 | Temple   | Entered the Ecumenical Temple
  7580 | Temple   | Became a worshipper of Warmaster Okawaru
  7674 | D:7      | Noticed Menkaure
  7681 | D:7      | Killed Menkaure
  7682 | D:7      | Reached skill level 8 in Long Blades
  8007 | D:8      | Noticed a cyclops
  8015 | D:8      | Killed a cyclops
  8044 | D:8      | Reached * piety under Okawaru
  8193 | D:8      | Found a burning altar of Makhleb.
  8288 | D:8      | Found a stormy altar of Qazlal.
  8726 | D:8      | Found a sacrificial altar of Ru.
  8732 | D:8      | Noticed a two-headed ogre
  8739 | D:8      | Killed a two-headed ogre
  8739 | D:8      | Reached ** piety under Okawaru
  8995 | D:9      | Noticed Erica
  9010 | D:9      | Killed Erica
  9011 | D:9      | Reached skill level 9 in Long Blades
  9087 | D:9      | Reached *** piety under Okawaru
  9126 | D:9      | Reached XP level 11. HP: 65/84 MP: 11/11
  9177 | D:9      | Received a gift from Okawaru
  9190 | D:9      | Reached **** piety under Okawaru
  9737 | D:1      | Bought a +6 ring of strength for 819 gold pieces
  9984 | D:10     | Entered Level 10 of the Dungeon
 10081 | D:10     | Reached skill level 1 in Invocations
 10123 | D:10     | Found a staircase to the Lair.
 10314 | D:10     | Noticed a two-headed ogre
 10322 | D:10     | Killed a two-headed ogre
 10323 | D:10     | Reached skill level 10 in Long Blades
 10464 | D:10     | Noticed Maurice
 10477 | D:10     | Killed Maurice
 10879 | D:11     | Noticed a four-headed hydra
 10884 | D:11     | Killed a two-headed hydra
 10884 | D:11     | Reached ***** piety under Okawaru
 10945 | D:11     | Received a gift from Okawaru
 11055 | D:11     | Noticed a boulder beetle
 11092 | D:11     | Killed a boulder beetle
 11582 | D:12     | Noticed a centaur warrior
 11596 | D:12     | Killed a centaur warrior
 11597 | D:12     | Gained mutation: Your demonic aura often causes spilled
                  | blood to erupt in flames. [demonic ancestry]
 11597 | D:12     | Reached XP level 12. HP: 83/94 MP: 15/15
 11660 | D:12     | Noticed a seven-headed hydra
 11664 | D:12     | Killed a four-headed hydra
 11710 | D:12     | Noticed a death knight
 11711 | D:12     | Noticed a death knight
 11789 | D:12     | Noticed Kirke
 11814 | D:12     | HP: 4/94 [lindwurm[Kirke] (18)]
 11814 | D:12     | Slain by a lindwurm

Illustrated notes

Levels and vault maps discovered:
D:1:      dpeg_arrival_stonehenge_12_columns, layout_basic, serial_shops,
          nicolae_shop_behind_doors
D:2:      layout_basic, basic_ecumenical_altar, basic_altar, uniq_robin
D:3:      cheibrodos_old_hovel, layout_basic, tso_oasis_becter,
          nicolae_vehumet_altar_sigil
D:4:      layout_basic, serial_shops, shop, ebering_ghost_sewer_f,
          enter_ossuary_3, uniq_blork_the_orc
D:5:      layout_rooms, uniq_edmund
D:6:      layout_gridville, grunt_dithmenos_smoke, uniq_eustachio, uniq_maggie
D:7:      layout_basic, cheibrodos_ashenzari_chains, temple_hall, uniq_pikel,
          uniq_joseph, uniq_menkaure, uniq_harold
D:8:      wad_pebble_path, layout_basic, nicolae_qazlal_scattered_showers,
          amcnicky_altar_gilded, mainiacjoe_overflow_alcove_4,
          grunt_ministairs_4, chequers_decorated_corner
D:9:      layout_rooms, special_room [special_room_bee], uniq_erica
D:10:     layout_roguey, minmay_lair_entry_grove, serial_bayou_pond_c,
          uniq_maurice
D:11:     layout_gridville, serial_rivers, chequers_serial_rivers_micro_b,
          chequers_serial_rivers_large_a, chequers_serial_rivers_micro_d,
          chequers_serial_rivers_small_3
D:12:     cheibrodos_tormentor_scu, layout_stronghold, orc_0_dummy, uniq_psyche,
          uniq_kirke
Temple:   regret_index_temple_waves

Skill      XL: |  1  2  3  4  5  6  7  8  9 10 11 12 |
---------------+-------------------------------------+-----
Armour         | 3 4 5 6 7 8 |  8.1
Long Blades    | 2 3 4 5 6 7 9 10 | 10.7
Dodging        | 1 2 3 4 5 6 7 |  7.4
Shields        | 3 4 5 6 7 8 |  8.0
Fighting       | 4 5 6 7 8 |  8.7
Invocations    | 4 |  4.9

Action                   |  1- 3 |  4- 6 |  7- 9 | 10-12 || total
-------------------------+-------+-------+-------+-------++-------
Melee: Long sword        |    78 |   109 |   225 |    76 ||   488
       Scimitar          |       |       |       |   281 ||   281
       Unarmed           |       |       |       |     6 ||     6
Invok: Finesse           |       |       |       |     1 ||     1
  Use: Scroll            |     2 |     2 |     9 |     9 ||    22
       Potion            |       |     4 |     2 |     3 ||     9
Armor: Scale mail        |     5 |       |       |       ||     5
       Chain mail        |    45 |    82 |   137 |   215 ||   479
Dodge: Dodged            |    25 |    28 |    53 |   133 ||   239
Block: Kite shield       |    40 |    64 |   143 |   232 ||   479
       Rpst.: Long sword |     7 |     9 |    10 |     3 ||    29
       Scimitar          |       |       |       |    24 ||    24

Table legend: (Time is in decaauts)
 A = Elapsed time spent in this place.
 B = Non-inter-level travel time spent in this place.
 C = Inter-level travel time spent in this place.
 D = Time resting spent in this place.
 E = Time spent auto-exploring this place.
 F = Levels seen in this place.
 G = Mean time per level.
                   A        B        C        D        E       F      G
               +--------+--------+--------+--------+--------+-----+--------+
         Total |  12036 |  11132 |    904 |    841 |   8239 |  14 |  859.7 |
       Dungeon |  11537 |  10658 |    879 |    634 |   8107 |  12 |  961.4 |
        Temple |     69 |     44 |     25 |      0 |     37 |   1 |   69.0 |
       Ossuary |    429 |    429 |      0 |    207 |     95 |   1 |  429.0 |
               +--------+--------+--------+--------+--------+-----+--------+

Top non-repeatable levels by time:
     D:3: 1925 daAuts
     D:6: 1356 daAuts
     D:8: 1191 daAuts
     D:7: 1126 daAuts
     D:5: 910 daAuts
     D:2: 893 daAuts
     D:4: 869 daAuts
     D:1: 828 daAuts
     D:9: 728 daAuts
    D:11: 692 daAuts
    D:10: 631 daAuts
 Ossuary: 429 daAuts
    D:12: 383 daAuts
  Temple: 69 daAuts
